 Dungeon Crawl Stone Soup version 0.30.0-3-ga4e48a9924 (webtiles) character file.

Game seed: 18413982836395565970

515 Gelion the Cudgeller (level 7, -6/44 HPs)
             Began as a Gargoyle Fighter on May 7, 2023.
             Mangled by a wight
             ... wielding a +2 morningstar of freezing
              (12 damage)
             ... on level 5 of the Dungeon.
             The game lasted 00:06:25 (3539 turns).

Gelion the Cudgeller (Gargoyle Fighter)             Turns: 3539, Time: 00:06:25

Health: -6/44      AC: 15    Str: 20    XL:     7   Next: 20%
Magic:  7/7        EV:  9    Int: 11    God:
Gold:   187        SH:  5    Dex: 11    Spells: 6/6 levels left

rFire   . . .        a - +0 flail
rCold   . . .        c - +0 buckler
rNeg    + . .        b - +0 scale mail
rPois   ∞            m - +1 helmet {Int+3}
rElec   +            (no cloak)
rCorr   .            t - +0 pair of gloves
SInv    .            (no boots)
Will    .....        (no amulet) Stlth
                     (no ring)
HPRegen 0.27/turn    (no ring)
MPRegen 0.10/turn

%: no passive effects
@: no status effects
A: sickness immunity, AC +4, negative energy resistance 1, electricity
resistance, torment resistance 1, petrification resistance
a: no special abilities


You were on level 5 of the Dungeon.
You visited 1 branch of the dungeon, and saw 5 of its levels.

You collected 187 gold pieces.

Inventory:

Hand Weapons
 a - a +0 flail (weapon)
Armour
 b - a +0 scale mail (worn)
 c - a +0 buckler (worn)
 m - a +1 helmet of intelligence (worn)
 t - a +0 pair of gloves (worn)
Jewellery
 s - a ring of flight
Scrolls
 e - a scroll of fog {unknown}
 f - 2 scrolls of poison {unknown}
 g - 3 scrolls of teleportation {unknown}
 h - 2 scrolls of summoning {unknown}
 i - a scroll of fear {unknown}
 j - 4 scrolls of identify {unknown}
 n - 3 scrolls of enchant weapon {unknown}
 p - a scroll of noise {unknown}
 r - a scroll of blinking {unknown}
Potions
 d - a potion of might
 k - 3 potions of mutation {unknown}
 l - 2 potions of curing {unknown}
 o - a potion of invisibility {unknown}
 q - a potion of brilliance {unknown}
 u - a potion of attraction {unknown}
 v - a potion of lignification {unknown}


   Skills:
 + Level 4.8 Fighting
 * Level 5.0 Maces & Flails
 + Level 4.9 Armour
 + Level 4.8 Shields


You had 6 spell levels left.
You didn't know any spells.
Your spell library contained the following spells:

 Spells                   Type           Power      Damage    Failure   Level
 Summon Lightning Spire   Summ/Air       0%         N/A       100%        4
 Storm Form               Tmut/Air       0%         N/A       100%        7
 Maxwell's Capacitive Co  Air            0%         ∞         100%        8


Dungeon Overview and Level Annotations

Branches:
Dungeon (5/15)
 Temple: D:4-7

Altars:
Uskayaw
The Shining One


Innate Abilities, Weirdness & Mutations

You are immune to sickness and miasma.
Your stone body is resilient. (AC +4)
You are immune to poison.
You resist negative energy. (rN+)
You are resistant to electric shocks. (rElec)
You are resistant to unholy torment.
You are immune to petrification.


Message History

You block the wight's attack.
You barely miss the wight.
The wight is heavily damaged.
The wight completely misses you. The wight hits you but does no damage.
You hit the wight.
The wight is almost destroyed.
The wight hits you with a +0 long sword.
Unknown command.
You hit the wight.
You destroy the wight!
Your Maces & Flails skill increases to level 5!
You thump the wight!
The wight is heavily damaged.
The wight barely misses you.
You hit the wight but do no damage.
The wight is heavily damaged.
The wight hits you with a +2 morningstar of freezing!
The wight freezes you.
You hit the wight.
The wight is almost destroyed.
The wight hits you with a +2 morningstar of freezing.
The wight freezes you.
* * * LOW HITPOINT WARNING * * *
You hit the wight but do no damage.
The wight is almost destroyed.
The wight hits you with a +2 morningstar of freezing.
* * * LOW HITPOINT WARNING * * *
The wight freezes you.
* * * LOW HITPOINT WARNING * * *
You block the wight's attack.
You barely miss the wight.
The wight is almost destroyed.
The wight hits you with a +2 morningstar of freezing.
* * * LOW HITPOINT WARNING * * *
The wight freezes you.
* * * LOW HITPOINT WARNING * * *
You closely miss the wight.
The wight is almost destroyed.
The wight hits you with a +2 morningstar of freezing!
You die...

###### #....#
#.##.#
#@##.#### .
#z##....# ..
#.#####.# ...
#.##....# .. .
#.##....#.#..#
#.####........
#.. #<.#.##..
### #.#### #..


You could see a wight.

Vanquished Creatures
  Blork the orc (D:4)
  2 scorpions (D:4)
  2 wights (D:5)
  A hound (D:4)
  A sleepcap (D:4)
  Jessica (D:2)
  4 gnolls (D:2)
  4 adders
  2 dart slugs
  2 orcs
  3 ball pythons
  7 endoplasms
  3 giant cockroaches
  4 goblins
  8 hobgoblins
  3 jackals (D:3)
  6 kobolds
  2 quokkas
  A bat (D:1)
  3 frilled lizards
  4 rats
64 creatures vanquished.

Notes
Turn   | Place    | Note
-------+----------+-------------------------------------------
     0 | D:1      | Gelion the Gargoyle Fighter began the quest for the Orb.
     0 | D:1      | Reached XP level 1. HP: 14/14 MP: 1/1
   112 | D:1      | Reached XP level 2. HP: 15/19 MP: 2/2
   269 | D:1      | Found a faded altar of an unknown god.
   402 | D:1      | Reached XP level 3. HP: 23/23 MP: 3/3
   767 | D:2      | Noticed Jessica
   771 | D:2      | Killed Jessica
   772 | D:2      | Reached skill level 3 in Maces & Flails
   772 | D:2      | Reached XP level 4. HP: 29/29 MP: 4/4
  1217 | D:2      | Reached XP level 5. HP: 4/33 MP: 5/5
  1684 | D:2      | Found a glowing golden altar of the Shining One.
  2678 | D:4      | Found a hide-covered altar of Uskayaw.
  2958 | D:4      | Reached skill level 4 in Maces & Flails
  2958 | D:4      | Reached XP level 6. HP: 38/39 MP: 6/6
  3232 | D:4      | Noticed Blork the orc
  3244 | D:4      | Killed Blork the orc
  3511 | D:5      | Entered Level 5 of the Dungeon
  3530 | D:5      | Reached XP level 7. HP: 31/44 MP: 7/7
  3534 | D:5      | Reached skill level 5 in Maces & Flails
  3539 | D:5      | Mangled by a wight

Illustrated notes

Levels and vault maps discovered:
D:1:      sevenhm_arrival_forest_fort_small_3, layout_rooms,
          basic_ecumenical_altar
D:2:      layout_loops_corners, basic_altar, uniq_jessica
D:3:      layout_basic, minmay_door_square, patterned_corridor
D:4:      layout_loops_corners, mainiacjoe_overflow_six_doors_small,
          st_stairs_12, uniq_blork_the_orc
D:5:      layout_basic, kennysheep_donut, minivault_24,
          chequers_serial_rivers_micro_e, eino_tiny_chamber, uniq_grinder,
          uniq_pikel

Skill      XL: |  1  2  3  4  5  6  7 |
---------------+----------------------+-----
Maces & Flails | 3 4 5 |  5.0
Fighting       | 4 |  4.8
Armour         | 4 |  4.9
Shields        | 4 |  4.8

Action                     |  1- 3 |  4- 6 |  7- 9 || total
---------------------------+-------+-------+-------++-------
  Melee: Flail             |    68 |   169 |    10 ||   247
 Armour: Scale mail        |    33 |    94 |     1 ||   128
  Dodge: Dodged            |    29 |    85 |     2 ||   116
  Block: Buckler           |     8 |    37 |     2 ||    47
